 Dungeon Crawl Stone Soup version 0.18-a0-5-gf1fb587 (webtiles) character file.

15336 tp1 the Arsonist (level 12, 0/62 HPs)
             Began as a Deep Elf Fire Elementalist on Oct 31, 2015.
             Was a Priest of Vehumet.
             Slain by Duffy's ghost (11 damage)
             ... on level 12 of the Dungeon.
             The game lasted 01:54:55 (15495 turns).

tp1 the Arsonist (Deep Elf Fire Elementalist)      Turns: 15495, Time: 01:54:55

Health: 0/62       AC:  6    Str: 15    XL:     12   Next: 0%
Magic:  2/29       EV: 15    Int: 26    God:    Vehumet [***...]
Gold:   590        SH:  5    Dex: 17    Spells: 7 memorised, 8 levels left

rFire  + . .     SeeInvis .     p - +2 dagger
rCold  x . .     Clarity  +     v - +3 leather armour of the Game Afoot {Str+5}
rNeg   . . .     SustAt   .     F - +0 buckler
rPois  .         Gourm    .     (helmet restricted)
rElec  .         Spirit   .     r - +1 cloak
rCorr  .         Warding  .     (no gloves)
rMut   .         Stasis   .     (no boots)
MR     +....                    U - amulet of clarity
Stlth  +++.......               (no ring)
                                n - ring of fire

@: mighty, somewhat resistant to hostile enchantments, fairly stealthy
A: horns 1, talons 1, agile 1, blink, deformed body
a: Blink, Renounce Religion


You were on level 12 of the Dungeon.
You worshipped Vehumet.
Vehumet was most pleased with you.
You were not hungry.

You visited 2 branches of the dungeon, and saw 13 of its levels.
You also visited: Sewer and Ossuary.

You collected 590 gold pieces.

Inventory:

Hand Weapons
 m - a +1 dagger of protection
 p - a +2 dagger (weapon)
 u - a +0 dagger
 x - a +2 dagger of draining
Missiles
 h - 6 javelins (quivered)
Armour
 r - a +1 cloak (worn)
 v - the +3 leather armour of the Game Afoot (worn) {Str+5}
   (You found it on level 4 of the Dungeon)

   It affects your strength (+5).
 F - a +0 buckler (worn)
Magical Staves
 J - an uncursed staff of earth
Jewellery
 e - an uncursed ring of ice
 n - a ring of fire (left hand)
 U - an amulet of clarity (around neck)
 Z - an uncursed ring of ice
Wands
 k - a wand of flame (25)
 t - a wand of paralysis (3)
 H - a wand of random effects (39)
 O - a wand of slowing (16)
 R - a wand of digging (16)
 V - a wand of disintegration (12)
Scrolls
 d - 3 scrolls of remove curse
 i - 2 scrolls of random uselessness
 q - 4 scrolls of teleportation
 w - a scroll of fog
 G - 2 scrolls of blinking
 P - 2 scrolls of identify
Potions
 o - 5 potions of curing
 z - a potion of resistance
 D - a potion of ambrosia
 W - a potion of brilliance {unknown}
Books
 a - the Guide on the Hurtful Blaze
   (You acquired it on level 11 of the Dungeon)

   Spells                             Type                      Level
   a - Flame Tongue                   Conjuration/Fire             1
   b - Throw Flame                    Conjuration/Fire             2
   c - Conjure Flame                  Conjuration/Fire             3
   d - Inner Flame                    Hexes/Fire                   3
   e - Bolt of Magma                  Conjuration/Fire/Earth       5
   f - Bolt of Fire                   Conjuration/Fire             6
 b - a book of Flames

   Spells                             Type                      Level
   a - Flame Tongue                   Conjuration/Fire             1
   b - Throw Flame                    Conjuration/Fire             2
   c - Conjure Flame                  Conjuration/Fire             3
   d - Inner Flame                    Hexes/Fire                   3
   e - Sticky Flame                   Conjuration/Fire             4
   f - Fireball                       Conjuration/Fire             5
 K - a book of Death

   Spells                             Type                      Level
   a - Corpse Rot                     Necromancy                   2
   b - Sublimation of Blood           Necromancy                   2
   c - Agony                          Necromancy                   5
   d - Dispel Undead                  Necromancy                   5
   e - Excruciating Wounds            Charms/Necromancy            5
   f - Bolt of Draining               Conjuration/Necromancy       5
 L - a book of Unlife

   Spells                             Type                      Level
   a - Recall                         Summoning/Translocation      3
   b - Animate Dead                   Necromancy                   4
   c - Control Undead                 Necromancy                   4
   d - Cigotuvi's Embrace             Necromancy                   5
   e - Death Channel                  Necromancy                   6
   f - Simulacrum                     Ice/Necromancy               6
Miscellaneous
 y - a plain deck of summoning {the Rangers, drawn: 1}
Comestibles
 c - 7 bread rations
 f - 20 fruits
 j - 2 beef jerkies
 s - 2 meat rations
 A - a slice of pizza
 Y - a royal jelly


   Skills:
 - Level 2.0 Fighting
 - Level 2.0 Short Blades
 - Level 2.0 Armour
 - Level 6.1 Dodging
 - Level 6.2 Stealth
 - Level 2.1 Shields
 + Level 11.2 Spellcasting
 - Level 12.0 Conjurations
 - Level 12.1 Fire Magic
 - Level 2.0 Evocations


You had 8 spell levels left.
You knew the following spells:

 Your Spells              Type           Power        Failure   Level  Hunger
a - Flame Tongue          Conj/Fire      #####        1%          1    None
b - Conjure Flame         Conj/Fire      #######.     1%          3    None
c - Inner Flame           Hex/Fire       ######..     1%          3    None
d - Sticky Flame          Conj/Fire      #######.     1%          4    None
e - Fireball              Conj/Fire      #######...   1%          5    ###....
f - Ignite Poison         Fire/Trmt/Pois ######..     1%          3    None
g - Bolt of Fire          Conj/Fire      #######...   2%          6    #####..


Dungeon Overview and Level Annotations

Branches:
Dungeon (12/15)            Temple (1/1) D:4
   Lair: D:8-11         Orc: D:9-12

Altars:
Ashenzari
Cheibriados
Dithmenos
Elyvilon
Fedhas
Gozag
Kikubaaqudgha
Makhleb
Nemelex Xobeh
Okawaru
Qazlal
Ru
Sif Muna
Trog
Vehumet
Xom
Yredelemnul
Zin
The Shining One

Shops:
D:8 ?   D:9 }   D:11 (

Annotations:
D:12 Duffy's ghost, journeyman NaEn; comborobin's ghost, journeyman TrGl


Innate Abilities, Weirdness & Mutations

You have a pair of small horns on your head.
You have sharp toenails.
You are agile. (Dex +2)
You can translocate small distances at will.
Armour fits poorly on your strangely shaped body.


Message History

Duffy's ghost is engulfed in roaring flames.
Duffy's ghost hits you!
* * * LOW HITPOINT WARNING * * *
Casting: Bolt of Fire
Confirm with . or Enter, or press ? or * to list all spells.
Aiming: Flame Tongue
Press: ? - help, Shift-Dir - straight line, f/p - Duffy's ghost
Aim: Duffy's ghost (flame, severely damaged)
Okay, then.
Casting: Flame Tongue
Confirm with . or Enter, or press ? or * to list all spells.
Aiming: Bolt of Fire
Press: ? - help, Shift-Dir - straight line, f/p - Duffy's ghost
Aim: Duffy's ghost (flame, severely damaged)
You feel a surge of power!
The bolt of fire hits Duffy's ghost.
Duffy's ghost resists.
Duffy's ghost is almost destroyed.
Duffy's ghost is engulfed in roaring flames.
Duffy's ghost hits you!
You die...

#####
##############...#
#.....<.....@W.#.###
...##############.W.#
###.# #.# ########.#
.........# .........#
.........# #......#.#


You could see Duffy's ghost.

Vanquished Creatures
  The ghost of wvc the Severer, a journeyman MiMo of Cheibriados (D:11)
  Fannar (D:11)
  The ghost of Ashar the Cleaver, a journeyman DsBe of Trog (D:11)
  The ghost of Ashar the Cleaver, a journeyman DsBe of Trog (D:11)
  The ghost of radek the Infuser, a novice DECj of Vehumet (D:9)
  Pikel (D:7)
  A hill giant (D:11)
  The ghost of PeterLawrence the Basher, a novice GrFi (D:5)
  A gargoyle (D:10)
  The ghost of mrath the Digger, a novice GrEE of Vehumet (D:5)
  The ghost of tp1 the Thaumaturge, a novice DEFE of Vehumet (Ossuary)
  2 trolls
  A spriggan (D:7)
  A wraith (D:10)
  A deep elf mage (D:10)
  2 basilisks (D:8)
  16 yaks
  3 hungry ghosts
  2 porcupines (D:8)
  The ghost of radek the Conjurer, an amateur DECj of Vehumet (Sewer)
  2 orc warriors
  A wasp (D:10)
  3 sky beasts
  4 ice beasts
  7 ogres
  A necrophage (D:11)
  4 centaurs
  3 phantoms
  3 crocodiles
  A big kobold (Sewer)
  5 giant frogs
  A gnoll sergeant (D:9)
  3 scorpions
  8 wights
  7 centaur zombies
  4 hounds
  4 giant frog skeletons
  4 iguanas
  A jelly (D:7)
  9 orc wizards
  9 orc priests
  2 crimson imps
  5 gnoll shamans (D:3)
  2 centaur skeletons
  Jessica (D:2)
  7 worker ants
  2 big kobold zombies (Ossuary)
  A hound zombie (D:6)
  4 mummies (Ossuary)
  37 gnolls
  A worker ant zombie (D:11)
  3 river rats
  10 adders
  3 shadow imps
  An ooze (D:1)
  An adder skeleton (D:8)
  An adder zombie (D:4)
  7 worms
  7 giant geckos
  34 orcs
  8 giant cockroaches
  2 gnoll zombies (D:3)
  9 hobgoblins
  25 jackals
  21 kobolds
  3 quokkas
  3 ball pythons
  13 bats
  A giant gecko zombie (D:5)
  4 giant newts
  6 goblins
  5 hobgoblin zombies (Ossuary)
  A jackal skeleton (D:4)
  12 rats
  A bush (D:8)
367 creatures vanquished.

Vanquished Creatures (others)
  A fungus (D:8)
  A plant (D:8)
2 creatures vanquished.

Grand Total: 369 creatures vanquished

Notes
Turn   | Place    | Note
--------------------------------------------------------------
     0 | D:1      | tp1 the Deep Elf Fire Elementalist began the quest for the Orb.
     0 | D:1      | Reached XP level 1. HP: 10/10 MP: 6/6
   108 | D:1      | Reached XP level 2. HP: 15/15 MP: 5/8
  1417 | D:2      | Reached XP level 3. HP: 19/19 MP: 7/9
  1422 | D:2      | Learned a level 3 spell: Conjure Flame
  1426 | D:2      | Learned a level 3 spell: Inner Flame
  1442 | D:2      | Found a stormy altar of Qazlal.
  1812 | D:2      | Noticed Jessica
  1820 | D:2      | Killed Jessica
  1820 | D:2      | Reached skill level 4 in Spellcasting
  1820 | D:2      | Reached XP level 4. HP: 24/24 MP: 6/12
  2283 | D:2      | Found a stormy altar of Qazlal.
  2331 | D:2      | Reached skill level 5 in Spellcasting
  2821 | D:3      | Reached skill level 6 in Spellcasting
  2822 | D:3      | Reached XP level 5. HP: 28/28 MP: 8/15
  3244 | D:3      | Found a glowing drain.
  3249 | Sewer    | Entered a sewer
  3357 | Sewer    | Noticed radek's ghost (amateur DECj)
  3421 | Sewer    | Killed radek's ghost
  3421 | Sewer    | Reached skill level 5 in Conjurations
  3421 | Sewer    | Reached XP level 6. HP: 24/32 MP: 14/17
  3804 | D:3      | Found a basalt altar of Yredelemnul.
  3894 | D:3      | Found an iron altar of Okawaru.
  4116 | D:3      | Reached XP level 7. HP: 19/36 MP: 4/18
  4197 | D:3      | Noticed an ogre
  4585 | D:3      | Reached skill level 5 in Fire Magic
  5028 | D:3      | Learned a level 4 spell: Sticky Flame
  5034 | D:3      | Learned a level 5 spell: Fireball
  5461 | D:3      | Killed an ogre
  5461 | D:3      | Reached skill level 7 in Fire Magic
  5510 | D:3      | Reached XP level 8. HP: 33/41 MP: 6/19
  6575 | D:4      | Found a staircase to the Ecumenical Temple.
  6583 | Temple   | Entered the Ecumenical Temple
  6746 | D:4      | Got a smoking leather armour
  6757 | D:4      | Identified the +3 leather armour of the Game Afoot {Str+5} (You found it on level 4 of the Dungeon)
  6840 | D:4      | Found a glowing golden altar of the Shining One.
  6962 | D:4      | Found a sparkling altar of Nemelex Xobeh.
  6972 | D:4      | Reached skill level 8 in Spellcasting
  7402 | D:4      | Reached skill level 9 in Spellcasting
  7475 | D:5      | Entered Level 5 of the Dungeon
  7479 | D:5      | Found a shattered altar of Ashenzari.
  7569 | D:5      | Found a sand-covered staircase.
  7587 | Ossuary  | Entered an ossuary
  7610 | Ossuary  | Noticed tp1's ghost (novice DEFE)
  7742 | Ossuary  | Killed tp1's ghost
  7742 | Ossuary  | Reached skill level 10 in Spellcasting
  8038 | Ossuary  | Reached skill level 11 in Spellcasting
  8157 | D:5      | Found a shimmering altar of Xom.
  8157 | D:5      | Found a shimmering altar of Xom.
  8177 | D:5      | Found a shimmering altar of Xom.
  8221 | D:5      | Found a radiant altar of Vehumet.
  8229 | D:5      | Became a worshipper of Vehumet
  8356 | D:5      | Noticed PeterLawrence's ghost (novice GrFi)
  8405 | D:5      | Killed PeterLawrence's ghost
  8405 | D:5      | Reached XP level 9. HP: 45/45 MP: 6/26
  8532 | D:5      | Noticed mrath's ghost (novice GrEE)
  8544 | D:5      | Killed mrath's ghost
  8806 | D:6      | Found a shadowy altar of Dithmenos.
  9157 | D:6      | Reached skill level 1 in Shields
  9571 | D:7      | Reached skill level 1 in Armour
  9715 | D:7      | Reached * piety under Vehumet
  9715 | D:7      | Offered knowledge of Sandblast by Vehumet.
  9843 | D:7      | Reached skill level 1 in Short Blades
 10069 | D:7      | Noticed Pikel
 10082 | D:7      | Killed Pikel
 10082 | D:7      | Reached XP level 10. HP: 53/53 MP: 8/27
 10091 | D:7      | Reached skill level 5 in Dodging
 10950 | D:8      | Found Feeppys's Magic Scroll Emporium.
 11245 | D:7      | Reached skill level 5 in Stealth
 11975 | D:8      | Offered knowledge of Shock by Vehumet.
 11981 | D:8      | Reached ** piety under Vehumet
 12143 | D:9      | Found Maf Ala's Gadget Boutique.
 12504 | D:9      | Reached skill level 10 in Fire Magic
 12521 | D:9      | Noticed radek's ghost (novice DECj)
 12529 | D:9      | Killed radek's ghost
 12694 | D:9      | Found a deep blue altar of Sif Muna.
 12694 | D:9      | Found a sacrificial altar of Ru.
 12759 | D:9      | Reached XP level 11. HP: 47/57 MP: 21/28
 12786 | D:10     | Entered Level 10 of the Dungeon
 12822 | D:10     | Gained mutation: You are agile. (Dex +2) [mutagenic meat]
 12823 | D:10     | Gained mutation: Armour fits poorly on your strangely shaped body. [mutagenic meat]
 12824 | D:10     | Gained mutation: You can translocate small distances at will. [mutagenic meat]
 12825 | D:10     | Gained mutation: You have a pair of small horns on your head. [mutagenic meat]
 12827 | D:10     | Gained mutation: You have sharp toenails. [mutagenic meat]
 13015 | D:10     | Offered knowledge of Dazzling Spray by Vehumet.
 13239 | D:10     | Reached *** piety under Vehumet
 13496 | D:10     | Reached skill level 12 in Fire Magic
 13838 | D:11     | Noticed a hill giant
 13844 | D:11     | Killed a hill giant
 13899 | D:11     | Noticed Ashar's ghost (journeyman DsBe)
 13907 | D:11     | Noticed Ashar's ghost (journeyman DsBe)
 13913 | D:11     | Killed Ashar's ghost
 13913 | D:11     | Reached skill level 10 in Conjurations
 13920 | D:11     | Killed Ashar's ghost
 13920 | D:11     | Offered knowledge of Ignite Poison by Vehumet.
 13925 | D:11     | Learned a level 3 spell: Ignite Poison
 14190 | D:11     | Identified a scroll of acquirement
 14191 | D:11     | Identified the Guide on the Hurtful Blaze (You acquired it on level 11 of the Dungeon)
 14199 | D:11     | Learned a level 6 spell: Bolt of Fire
 14245 | D:11     | Noticed Fannar
 14271 | D:11     | Killed Fannar
 14801 | D:11     | Found Orur's Weapon Emporium.
 14886 | D:11     | Noticed wvc's ghost (journeyman MiMo)
 14896 | D:11     | Killed wvc's ghost
 15238 | D:12     | Noticed Duffy's ghost (journeyman NaEn)
 15374 | D:12     | Reached XP level 12. HP: 62/62 MP: 18/29
 15431 | D:12     | Noticed comborobin's ghost (journeyman TrGl)
 15495 | D:12     | Slain by Duffy's ghost

Vault maps used:
D:1:      evilmike_arrival_run_for_it, minmay_crystal_room
D:2:      minmay_strange_pillars, grunt_qazlal_sundering, uniq_jessica
D:3:      lemuel_castle_with_subvaults, nicolae_overflow_hidden_temple,
          lemuel_zombie_altar_yredelemnul, first_bread, portal_sewer_entry_e
D:4:      nemelex_deck, lemuel_crystal_altar, temple_fountains
D:5:      old_standard_altar, old_standard_altar, enter_ossuary_1,
          xom_redecorated
D:6:      nicolae_dithmenos_shadow_blocks
D:7:      the_bakery, uniq_pikel
D:8:      due_megacathedral, minmay_lair_entry_grove, basic_altar, serial_shops,
          shop, hangedman_misty_isle
D:9:      gammafunk_temple_overflow_pools, serial_shops, shop, feat_on_display
D:11:     serial_shops, shop, minmay_fountain_box, dk_vineyard_3, uniq_fannar
D:12:     erik_orc_2, spider_trap
Temple:   roderic_octagonal_lattice_temple
Sewer:    kennysheep_pipe_town
Ossuary:  ossuary_the_hunt_dpeg

Action                   |  1- 3 |  4- 6 |  7- 9 | 10-12 || total
-------------------------+-------+-------+-------+-------++-------
Melee: Unarmed           |     1 |     5 |       |       ||     6
       Dagger            |       |     7 |    93 |    25 ||   125
       Staff             |       |       |       |     1 ||     1
Throw: Javelin           |       |       |     2 |       ||     2
 Cast: Flame Tongue      |    58 |   160 |   406 |   307 ||   931
       Conjure Flame     |     1 |     4 |    30 |    18 ||    53
       Inner Flame       |       |       |    11 |    16 ||    27
       Fireball          |       |       |     5 |    25 ||    30
       Bolt of Fire      |       |       |       |    24 ||    24
       Ignite Poison     |       |       |       |     4 ||     4
Evoke: Deck              |       |       |     1 |       ||     1
  Use: Scroll            |       |     4 |    10 |     7 ||    21
       Potion            |       |     3 |     4 |    14 ||    21
  Eat: Chunk             |     3 |     7 |    19 |    31 ||    60
       Bread ration      |       |       |       |     1 ||     1
